 Dungeon Crawl Stone Soup version 0.19.5 (webtiles) character file.

1379 Gargoyl the Chopper (level 8, -2/69 HPs)
             Began as a Ghoul Abyssal Knight on May 18, 2017.
             Was an Elder of Lugonu.
             Splashed by a jelly's acid (7 damage)
             ... on level 6 of the Dungeon.
             The game lasted 00:11:36 (4957 turns).

Gargoyl the Chopper (Ghoul Abyssal Knight)          Turns: 4957, Time: 00:11:38

Health: -2/69      AC: -2    Str: 16    XL:     8   Next: 66%
Magic:  10/10      EV:  7    Int:  7    God:    Lugonu [****..]
Gold:   145        SH:  0    Dex: 10    Spells: 0 memorised, 7 levels left

rFire  . . .     SeeInvis +     a - +2 hand axe
rCold  + . .     Gourm    .     f - +0 chain mail
rNeg   + + +     Faith    .     (no shield)
rPois  ∞         Spirit   .     r - +2 helmet
rElec  .         Reflect  .     (no cloak)
rCorr  .         Harm     .     (no gloves)
MR     .....                    (no boots)
Stlth  ..........               (no amulet)
                                (no ring)
                                h - ring of see invisible

@: corroded, rotting
A: rotting body, claws 1, carnivore 3, cold resistance 1, negative energy
resistance 3, slow regeneration 1, torment resistance, unbreathing
a: Depart the Abyss, Bend Space, Banish, Corrupt, Renounce Religion


You were on level 6 of the Dungeon.
You worshipped Lugonu.
Lugonu was greatly pleased with you.
You were not hungry.

You visited 1 branch of the dungeon, and saw 6 of its levels.
You visited the Abyss 1 time.

You collected 342 gold pieces.
You spent 197 gold pieces at shops.

Inventory:

Hand Weapons
 a - a +2 hand axe (weapon)
Missiles
 u - 5 tomahawks (quivered)
Armour
 f - a +0 chain mail (worn)
 r - a +2 helmet (worn)
 w - a +0 scale mail
Jewellery
 h - a ring of see invisible (left claw)
Wands
 p - a wand of acid (6/15)
 q - a wand of teleportation (7/9)
 y - a wand of flame (33/48)
 F - a wand of lightning (5/15)
Scrolls
 b - 2 scrolls of teleportation
 c - a scroll of fog
 d - 3 scrolls of remove curse
 i - 2 scrolls of amnesia
 o - 2 scrolls of blinking
 t - a scroll of enchant armour
 v - 2 scrolls of magic mapping
 x - 5 scrolls of enchant weapon
 C - 2 scrolls of identify
Potions
 e - 4 potions of brilliance
 j - a potion of degeneration {unknown}
 k - 4 potions of curing {unknown}
 s - 2 potions of might {unknown}
 z - a potion of beneficial mutation {unknown}
 A - 2 potions of mutation {unknown}
 D - a potion of cancellation {unknown}
 E - a potion of magic {unknown}
 G - a potion of haste
Books
 B - a book of Callings

   Spells                             Type                      Level
   a - Summon Small Mammal            Summoning                    1
   b - Call Imp                       Summoning                    2
   c - Call Canine Familiar           Summoning                    3
   d - Summon Guardian Golem          Hexes/Summoning              3
   e - Summon Lightning Spire         Summoning/Air                4
   f - Summon Ice Beast               Ice/Summoning                4
Comestibles
 g - a royal jelly
 l - 2 beef jerkies
 m - 3 slices of pizza
 n - 3 chunks of flesh


   Skills:
 + Level 5.4 Fighting
 + Level 5.5 Axes
 * Level 5.3 Armour
 + Level 2.2 Dodging
 * Level 5.1 Invocations


You had 7 spell levels left.
You didn't know any spells.

Dungeon Overview and Level Annotations

Branches:
Dungeon (6/15)             Temple (0/1) D:4

Altars:
Fedhas
Makhleb
Nemelex Xobeh
Qazlal

Shops:
D:5 ?


Innate Abilities, Weirdness & Mutations

Your body is rotting away.
You thrive on raw meat.
You are immune to poison.
You have sharp fingernails.
You are carnivorous and can eat meat at any time.
Your flesh is cold resistant. (rC+)
You are immune to negative energy. (rN+++)
You regenerate slowly when monsters are visible.
You are immune to unholy pain and torment.
You can survive without breathing.


Message History

You hit the jelly but do no damage.
Your claws burn!
The jelly is severely wounded.
The jelly hits you but does no damage.
You hit the jelly but do no damage.
Your claws burn!
The jelly is severely wounded.
The jelly hits you. The acid corrodes you!
You are splashed with acid!
The acid burns!
You hit the jelly but do no damage. The acid corrodes you!
Your claws burn!
The jelly is severely wounded.
The jelly hits you.
* * * LOW HITPOINT WARNING * * *
You are splashed with acid!
The acid burns!
* * * LOW HITPOINT WARNING * * *
You hit the jelly but do no damage.
Your claws burn!
* * * LOW HITPOINT WARNING * * *
The jelly is severely wounded.
The jelly hits you.
* * * LOW HITPOINT WARNING * * *
You are splashed with acid!
The acid burns!
You die...

#.#############.##
#.# #.# #.# #.#
#.# #.# #.# #.#
#.# ########.# #.#
#....(...# #.#
#.######## #.#
#@....... #.#
#J.#####. #.# #..#
#.# #..# #.# #..#
########.# #..#
#........# #..#
#.########### #..#
#.# #......#


You could see a jelly.

Vanquished Creatures
  2 phantoms
  A big kobold (D:5)
  A bullfrog (D:6)
  2 scorpions
  2 howler monkeys
  2 crimson imps
  A bullfrog zombie (D:6)
  5 hounds
  A gnoll shaman (D:4)
  2 orc wizards
  An iguana (D:6)
  Natasha (D:4)
  5 worker ants
  A worker ant zombie (D:5)
  7 gnolls
  15 adders
  2 river rats (D:3)
  A shadow imp (D:6)
  2 adder skeletons
  4 worms
  4 dart slugs
  7 leopard geckos
  13 orcs
  2 ball pythons
  5 bats
  11 giant cockroaches
  10 goblins
  7 hobgoblins
  5 jackals
  9 kobolds
  A quokka (D:4)
  6 frilled lizards
  8 rats
146 creatures vanquished.

Notes
Turn   | Place    | Note
-------+----------+-------------------------------------------
     0 | Abyss:1  | Gargoyl the Ghoul Abyssal Knight began the quest for the Orb.
     0 | Abyss:1  | Reached XP level 1. HP: 19/19 MP: 1/1
    47 | D:1      | Escaped the Abyss
   290 | D:1      | Reached * piety under Lugonu
   290 | D:1      | Reached XP level 2. HP: 9/25 MP: 2/2
   473 | D:1      | Reached XP level 3. HP: 29/33 MP: 3/3
   770 | D:2      | Reached skill level 1 in Dodging
   869 | D:2      | Reached XP level 4. HP: 34/40 MP: 4/4
   948 | D:2      | Reached ** piety under Lugonu
  1130 | D:2      | Found a burning altar of Makhleb.
  1130 | D:2      | Noticed a green death
  1350 | D:3      | Reached XP level 5. HP: 29/46 MP: 6/6
  1381 | D:3      | Found a stormy altar of Qazlal.
  1381 | D:3      | Found a blossoming altar of Fedhas.
  1943 | D:3      | Reached XP level 6. HP: 42/52 MP: 7/7
  2229 | D:4      | Noticed a phantom
  2354 | D:3      | Killed a phantom
  2651 | D:4      | Reached *** piety under Lugonu
  2651 | D:4      | Reached XP level 7. HP: 58/60 MP: 8/8
  2670 | D:4      | Found a staircase to the Ecumenical Temple.
  2987 | D:4      | Noticed Natasha
  2999 | D:4      | Killed Natasha
  3348 | D:5      | Entered Level 5 of the Dungeon
  3348 | D:5      | Found a sparkling altar of Nemelex Xobeh.
  3633 | D:5      | Found Beiroc's Magic Scroll Shop.
  3653 | D:5      | Bought a scroll of enchant armour for 82 gold pieces
  3653 | D:5      | Bought a scroll of teleportation for 33 gold pieces
  3824 | D:5      | Bought a scroll of enchant weapon for 82 gold pieces
  3867 | D:5      | Reached XP level 8. HP: 67/67 MP: 10/10
  3967 | D:5      | Reached skill level 5 in Armour
  4219 | D:6      | Reached skill level 5 in Axes
  4454 | D:6      | Reached **** piety under Lugonu
  4454 | D:6      | Reached skill level 5 in Fighting
  4670 | D:6      | Reached skill level 5 in Invocations
  4957 | D:6      | Splashed by a jelly's acid

Skill      XL: |  1  2  3  4  5  6  7  8 |
---------------+-------------------------+-----
Armour         | 2 3 4 5 |  5.3
Axes           | 2 3 4 5 |  5.5
Fighting       | 4 5 |  5.4
Dodging        | 1 2 |  2.2
Invocations    | 3 4 5 |  5.1

Action                   |  1- 3 |  4- 6 |  7- 9 || total
-------------------------+-------+-------+-------++-------
Melee: Hand axe          |   121 |   290 |   403 ||   814
Invok: Depart the Abyss  |     1 |       |       ||     1
  Use: Scroll            |     3 |     7 |     3 ||    13
       Potion            |       |     1 |       ||     1
 Stab: Invisible         |       |     3 |       ||     3
  Eat: Chunk             |    18 |    33 |    42 ||    93
       Meat ration       |       |       |     1 ||     1
Armor: Ring mail         |    56 |    93 |       ||   149
       Scale mail        |       |    25 |    59 ||    84
       Chain mail        |       |       |   218 ||   218
       Skin              |       |       |     2 ||     2
Dodge: Dodged            |    73 |   153 |   205 ||   431
